 Dungeon Crawl Stone Soup version 0.29-a0-559-g359e09b9d1 (webtiles) character file.

Game seed: 17878549090361728583

3076 Heedrag the Sneak (level 9, -2/55 HPs)
             Began as an Octopode Venom Mage on June 9, 2022.
             Was a Follower of Vehumet.
             Slain by a water moccasin (8 damage)
             ... on level 7 of the Dungeon.
             The game lasted 00:25:37 (12531 turns).

Heedrag the Sneak (Octopode Venom Mage)            Turns: 12531, Time: 00:25:37

Health: -2/55      AC:  5    Str:  7    XL:     9   Next: 88%
Magic:  7/19       EV: 14    Int: 21    God:    Vehumet [*.....]
Gold:   296        SH:  5    Dex: 13    Spells: 10/21 levels left

rFire   . . .      SeeInvis .   y - +2 dagger (venom)
rCold   . . .      Faith    .   h - +0 buckler
rNeg    . . .      Spirit   .   (helmet restricted)
rPois   .          Reflect  .   (no amulet)
rElec   .          Harm     .   E - +4 ring of protection
rCorr   .          Rampage  .   (no ring)
Will    .....                   (no ring)
Stlth   +++++.....              (no ring)
HPRegen 0.18/turn               (no ring)
MPRegen 0.16/turn               (no ring)
                                (no ring)
                                (no ring)

@: no status effects
A: almost no armour, amphibious, 8 rings, camouflage 1, gelatinous body 1,
(nimble swimmer 1), tentacles
a: Renounce Religion


You were on level 7 of the Dungeon.
You worshipped Vehumet.
Vehumet was aware of your devotion.
You visited 2 branches of the dungeon, and saw 9 of its levels.
You also visited: Sewer.

You collected 371 gold pieces.
You spent 75 gold pieces at shops.

Inventory:

Hand Weapons
 b - a +2 dagger of flaming
   (You found it on level 1 of the Dungeon)
 k - a +0 dagger of venom
   (You found it on level 2 of the Dungeon)
 y - a +2 dagger of venom (weapon)
   (You took it off an orc on level 5 of the Dungeon)
Missiles
 v - 23 poisoned darts
 D - 18 boomerangs of dispersal {!f}
 H - 190 stones
Armour
 h - a +0 buckler (worn)
   (You found it on level 1 of the Dungeon)
Jewellery
 E - a +4 ring of protection (left tentacle)
   (You found it on level 7 of the Dungeon)
Wands
 u - a wand of paralysis (7)
   (You found it on level 7 of the Dungeon)
 A - a wand of charming (3)
   (You found it on level 5 of the Dungeon)
Scrolls
 d - 6 scrolls of identify {unknown}
 g - a scroll of immolation {unknown}
 j - 3 scrolls of teleportation {unknown}
 l - a scroll of amnesia {unknown}
 n - 3 scrolls of vulnerability {unknown}
 o - a scroll of magic mapping
 p - 2 scrolls of enchant weapon {unknown}
 w - a scroll of fear {unknown}
 x - a scroll of enchant armour {unknown}
 z - a scroll of blinking {unknown}
 G - a scroll of poison {unknown}
Potions
 a - 3 potions of magic
 c - 2 potions of heal wounds {unknown}
 e - 3 potions of curing {@q1}
 f - a potion of brilliance {unknown}
 i - a potion of mutation {unknown}
 m - a potion of attraction {unknown}
 q - a potion of flight {unknown}
 r - a potion of might {unknown}
 s - 3 potions of resistance {unknown}
 t - a potion of invisibility {unknown}
 B - a potion of berserk rage {unknown}
 C - 2 potions of lignification {unknown}
 F - 3 potions of cancellation {unknown}


   Skills:
 + Level 2.4 Fighting
 + Level 5.2 Dodging
 + Level 7.5 Stealth
 - Level 4.0 Shields
 * Level 6.7 Spellcasting
 + Level 2.6 Conjurations
 + Level 4.9 Transmutations
 + Level 6.9 Poison Magic


You had 10 spell levels left.
You knew the following spells:

 Your Spells              Type           Power      Damage    Failure   Level
a - Sting                 Tmut/Pois      100%       1d8       1%          1
b - Sandblast             Erth           14%        2d6       12%         1
f - Mephitic Cloud        Conj/Pois/Air  20%        N/A       10%         3
x - Poisonous Vapours     Pois/Air       42%        N/A       4%          2
y - Olgreb's Toxic Radia  Pois           36%        N/A       7%          4

Your spell library contained the following spells:

 Spells                   Type           Power      Damage    Failure   Level
 Magic Dart               Conj           72%        1d6       4%          1
 Apportation              Tloc           14%        N/A       12%         1
 Necrotize                Necr           28%        1d5       12%         1
 Summon Small Mammal      Summ           28%        N/A       12%         1
 Call Imp                 Summ           7%         N/A       17%         2
 Dazzling Flash           Conj/Hex       24%        N/A       21%         3
 Gell's Gravitas          Tloc           7%         N/A       34%         3
 Lesser Beckoning         Tloc           7%         N/A       34%         3
 Teleport Other           Tloc           7%         N/A       34%         3
 Agony                    Necr           7%         N/A       97%         5
 Silence                  Hex/Air        3%         N/A       97%         5


Dungeon Overview and Level Annotations

Branches:
Dungeon (8/15)             Temple (1/1) D:5           Sewer (visited)
   Lair: D:8-11

Altars:
Ashenzari
Cheibriados
Dithmenos
Elyvilon
Fedhas
Gozag
Hepliaklqana
Kikubaaqudgha
Nemelex Xobeh
Okawaru
Qazlal
Ru
Sif Muna
Trog
Uskayaw
Vehumet
Wu Jian
Xom
Yredelemnul
Zin
The Shining One

Shops:
D:2 ?!(*=   D:4 [


Innate Abilities, Weirdness & Mutations

You cannot wear most types of armour.
You are amphibious.
You can wear up to eight rings at the same time.
Your skin changes colour to match your surroundings (Stealth+).
Your rubbery body absorbs attacks. (AC +1, EV +1)
((You are camouflaged when in or above water. (Stealth+)))
You have tentacles for arms and can constrict up to eight enemies at once.


Message History

You block the water moccasin's attack. The orc priest closely misses you.
Aim: an orc priest, wielding a +0 mace and wearing a +0 scale mail (severely wounded, very poisoned, 81% to hit)
The sting hits the orc priest.
The orc priest looks as sick as possible!
You feel very sick. The water moccasin closely misses you.
The orc priest calls down the wrath of Beogh upon you.
Beogh smites you!
* * * LOW HITPOINT WARNING * * *
The water moccasin closely misses you.
Aim: an orc priest, wielding a +0 mace and wearing a +0 scale mail (almost dead, extremely poisoned)
Okay, then.
You feel sick. You block the water moccasin's attack.
The orc priest misses you. The water moccasin closely misses you.
You climb upwards.
You feel very sick.
There is a stone staircase leading down here.
Unknown command.
You begin to radiate toxic energy.
You kill the orc priest!
Vehumet accepts your kill.
You feel your power returning.
You feel sick. The water moccasin misses you.
The water moccasin bites you but does no damage.
The water moccasin barely misses you.
Unknown command.
You feel better.
Your toxic aura wanes.
The water moccasin bites you.
* * * LOW HITPOINT WARNING * * *
The water moccasin bites you but does no damage.
The water moccasin misses you.
You begin to radiate toxic energy.
The water moccasin misses you. You block the water moccasin's attack.
Unknown command.
Your toxic aura wanes.
The water moccasin bites you but does no damage.
The water moccasin bites you.
* * * LOW HITPOINT WARNING * * *
The water moccasin closely misses you.
The water moccasin bites you but does no damage.
The water moccasin attacks as you move away!
You block the water moccasin's attack.
You closely miss the water moccasin. You grab the water moccasin.
You constrict the water moccasin, but do no damage.
You block the water moccasin's attack.
Unknown command.
You hit the water moccasin.
The water moccasin is poisoned.
You squeeze the water moccasin. You constrict the water moccasin.
The water moccasin misses you. The water moccasin bites you!
You die...

....#.####...###...### #######..
.##.....####.##....# #....##..
........# #.##....# #....##..
..##....# #.##...#######....#...
.###....# #.#...<........>###...
.# #....####.......#########...##
.# #....##...#.#.....#.......####
.# #....#......#..##.#.......# #
.# #.<.........#@.##.........# #
## #.........>)#SS####.......# #
# #..............# #.......# #
#########.......#.####.......####
.................................
....####.......##################
....# #.......# ##### #.......#
##.....##


You could see 2 water moccasins.

Vanquished Creatures
  Grinder (Sewer)
  Prince Ribbit (D:7)
  4 yaks (D:6)
  Eustachio (D:4)
  A sky beast (D:8)
  A black bear (D:7)
  A centaur (D:5)
  A phantom (D:6)
  6 kobold brigands
  2 gnoll sergeants
  2 bullfrogs
  2 necrophages
  A scorpion (D:5)
  3 howler monkeys (D:8)
  2 hounds
  2 jellies
  3 orc priests
  Crazy Yiuf (D:5)
  An iguana (D:4)
  3 orc wizards
  9 gnolls
  6 adders
  3 shadow imps
  2 white imps
  7 ufetubi
  5 worms
  4 dart slugs
  14 orcs
  A bat zombie (Sewer)
  7 endoplasms
  6 giant cockroaches
  5 goblins
  13 hobgoblins
  5 jackals (D:2)
  3 quokkas
  17 ball pythons
  6 bats
  2 frilled lizards (D:1)
  26 kobolds
  4 kobold zombies (Sewer)
  6 rats
190 creatures vanquished.

Vanquished Creatures (others)
  An orc (D:5)
  10 plants (D:4)
11 creatures vanquished.

Grand Total: 201 creatures vanquished

Notes
Turn   | Place    | Note
-------+----------+-------------------------------------------
     0 | D:1      | Heedrag the Octopode Venom Mage began the quest for the
                  | Orb.
     0 | D:1      | Reached XP level 1. HP: 11/11 MP: 3/3
   461 | D:1      | Reached XP level 2. HP: 17/17 MP: 0/5
   737 | D:1      | Reached skill level 3 in Stealth
  1243 | D:1      | Learned a level 2 spell: Poisonous Vapours
  1445 | D:1      | Reached XP level 3. HP: 21/21 MP: 1/6
  2446 | D:2      | Learned a level 3 spell: Mephitic Cloud
  2730 | D:2      | Found Vugix's Jewellery Shop.
  2750 | D:2      | Reached XP level 4. HP: 24/27 MP: 3/8
  2995 | D:2      | Found Heneboff's Weapon Boutique.
  2995 | D:2      | Found Vaxzufar's Distillery.
  3087 | D:2      | Bought a potion of curing for 30 gold pieces
  3320 | D:2      | Found Ituimax's Magic Scroll Shoppe.
  3325 | D:2      | Bought a scroll of magic mapping for 45 gold pieces
  3425 | D:2      | Found Nopterice's Assorted Antiques.
  3608 | D:3      | Noticed a bullfrog
  3618 | D:2      | Killed a bullfrog
  3619 | D:2      | Reached XP level 5. HP: 14/31 MP: 1/9
  3789 | D:2      | Learned a level 4 spell: Olgreb's Toxic Radiance
  4991 | D:4      | Found a hide-covered altar of Uskayaw.
  5052 | D:4      | Reached skill level 4 in Stealth
  5133 | D:4      | Found Goegorin's Antique Armour Shop.
  5386 | D:4      | Reached XP level 6. HP: 28/36 MP: 1/11
  5387 | D:4      | Found a glowing drain.
  5393 | Sewer    | Entered a sewer
  5898 | Sewer    | Reached skill level 1 in Shields
  5965 | Sewer    | Found an ancient bone altar of Kikubaaqudgha.
  6049 | Sewer    | Noticed Grinder
  6080 | Sewer    | Paralysed by Grinder for 4 turns
  6134 | Sewer    | Paralysed by Grinder for 4 turns
  6145 | Sewer    | HP: 1/36 [Grinder (4)]
  6146 | Sewer    | Killed Grinder
  6147 | Sewer    | Reached skill level 5 in Poison Magic
  6147 | Sewer    | Reached XP level 7. HP: 2/41 MP: 0/13
  6497 | Sewer    | Reached skill level 5 in Stealth
  7157 | D:4      | Noticed Eustachio
  7194 | D:4      | Killed Eustachio
  7568 | D:5      | Entered Level 5 of the Dungeon
  7629 | D:5      | Reached XP level 8. HP: 23/46 MP: 12/15
  7793 | D:5      | Reached skill level 5 in Spellcasting
  7933 | D:5      | Found a staircase to the Ecumenical Temple.
  7943 | Temple   | Entered the Ecumenical Temple
  8391 | Temple   | Became a worshipper of Vehumet
  8674 | D:5      | Reached skill level 6 in Stealth
  9101 | D:5      | Reached * piety under Vehumet
  9101 | D:5      | Offered knowledge of Sandblast by Vehumet.
  9156 | D:5      | Found a runed translucent door.
  9157 | D:5      | Noticed Crazy Yiuf
  9658 | D:5      | Killed Crazy Yiuf
 10000 | D:6      | Noticed a yak
 10001 | D:6      | Noticed a yak
 10016 | D:6      | Killed a yak
 10016 | D:6      | Noticed a yak
 10017 | D:6      | Reached skill level 1 in Conjurations
 10017 | D:6      | Reached XP level 9. HP: 52/52 MP: 0/17
 10020 | D:6      | Reached skill level 1 in Fighting
 10903 | D:7      | Reached skill level 7 in Stealth
 11336 | D:7      | Noticed Prince Ribbit
 11348 | D:7      | Killed Prince Ribbit
 11349 | D:7      | Reached skill level 5 in Dodging
 11721 | D:7      | Learned a level 1 spell: Sandblast
 12531 | D:7      | Slain by a water moccasin

Illustrated notes

Levels and vault maps discovered:
D:1:      saegor_arrival_under_anarchy, layout_basic
D:2:      layout_basic, serial_shops, nicolae_shop_stone,
          nicolae_shop_window_shopping, shop, nicolae_diamond_shop,
          shop_fountains
D:3:      layout_rooms
D:4:      layout_loops_ring, nicolae_uskayaw_murder_on_the_dancefloor,
          serial_shops, nicolae_shop_statue_plus, lightli_sewer_entry_pipes,
          serial_bayou_pond_c, uniq_eustachio
D:5:      layout_loops_ring, minmay_temple_entry_drinking_statues,
          grunt_decor_one_mirror, uniq_crazy_yiuf_cottage
D:6:      layout_basic, minmay_misc_feat_nine_boxes
D:7:      layout_rooms, hangedman_decor_peaks_small, minmay_unpleasant_kobolds,
          uniq_prince_ribbit1
D:8:      lemuel_ice_statue, layout_cave_pools,
          mainiacjoe_overflow_surrounded_room, lair_entry_dummy,
          gammafunk_ghost_split, serial_nicolae_subway,
          nicolae_sub_station_metal, nicolae_sub_station_crystal,
          nicolae_sub_station_stone
Temple:   mainiacjoe_temple_big_plus

Skill      XL: |  1  2  3  4  5  6  7  8  9 |
---------------+----------------------------+-----
Stealth        | 3 4 5 6 7 |  7.5
Poison Magic   | 4 5 6 |  6.9
Spellcasting   | 3 4 5 6 |  6.7
Transmutations | 2 3 4 |  4.9
Dodging        | 3 4 5 |  5.2
Shields        | 1 2 3 4 |  4.0
Conjurations   | 1 2 |  2.6
Fighting       | 2 |  2.4

Action                   |  1- 3 |  4- 6 |  7- 9 || total
-------------------------+-------+-------+-------++-------
Melee: Dagger            |    25 |    40 |   118 ||   183
       Constrict         |     6 |    12 |    21 ||    39
       Tentacles         |     5 |     5 |    27 ||    37
       Punch             |       |       |     2 ||     2
 Cast: Sting             |    50 |   105 |    44 ||   199
       Poisonous Vapours |    14 |    15 |    14 ||    43
       Olgreb's Toxic Ra |       |     6 |    37 ||    43
       Mephitic Cloud    |       |       |     2 ||     2
  Use: Potion            |       |       |     1 ||     1
 Stab: Sleeping          |       |       |     1 ||     1
Armor: Skin              |     2 |     4 |    15 ||    21
Dodge: Dodged            |    37 |    87 |    97 ||   221
Block: Buckler           |     5 |    22 |    31 ||    58

Table legend: (Time is in decaauts)
 A = Elapsed time spent in this place.
 B = Non-inter-level travel time spent in this place.
 C = Inter-level travel time spent in this place.
 D = Time resting spent in this place.
 E = Time spent auto-exploring this place.
 F = Levels seen in this place.
 G = Mean time per level.
                   A        B        C        D        E       F      G
               +--------+--------+--------+--------+--------+-----+--------+
         Total |  12546 |  11251 |   1295 |   1219 |   8548 |  10 | 1254.6 |
       Dungeon |  10541 |   9327 |   1214 |   1191 |   6898 |   8 | 1317.6 |
        Temple |    486 |    405 |     81 |      0 |    399 |   1 |  486.0 |
         Sewer |   1517 |   1517 |      0 |     28 |   1251 |   1 | 1517.0 |
               +--------+--------+--------+--------+--------+-----+--------+

Top non-repeatable levels by time:
     D:2: 2225 daAuts
     D:1: 2025 daAuts
     D:5: 1938 daAuts
   Sewer: 1517 daAuts
     D:4: 1225 daAuts
     D:6: 1060 daAuts
     D:7: 1046 daAuts
     D:3: 986 daAuts
  Temple: 486 daAuts
     D:8: 33 daAuts
